 Dungeon Crawl Stone Soup version 0.19.4-9-g45fd643 (webtiles) character file.

109 Rrauwl the Charlatan (level 4, -10/25 HPs)
             Began as a Gargoyle Artificer on Feb 17, 2017.
             Was a Follower of Makhleb.
             Killed themself with a badly aimed iceblast (20 damage)
             ... on level 3 of the Dungeon.
             The game lasted 00:12:16 (2362 turns).

Rrauwl the Charlatan (Gargoyle Artificer)           Turns: 2362, Time: 00:12:17

Health: -10/25     AC:  7    Str: 16    XL:     4   Next: 90%
Magic:  6/6        EV:  8    Int: 12    God:    Makhleb [*.....]
Gold:   150        SH:  7    Dex: 10    Spells: 0 memorised, 3 levels left

rFire  . . .     SeeInvis .     l - +0 mace
rCold  . . .     Gourm    .     h - +0 leather armour (curse)
rNeg   + . .     Faith    .     k - +0 shield (curse)
rPois  ∞         Spirit   .     (no helmet)
rElec  +         Reflect  .     g - +0 cloak
rCorr  .         Harm     .     (no gloves)
MR     .....                    (no boots)
Stlth  ++........               (no amulet)
                                (no ring)
                                (no ring)

@: drained
A: negative energy resistance 1, electricity resistance, unbreathing,
petrification resistance, rot immunity, AC +3
a: Renounce Religion


You were on level 3 of the Dungeon.
You worshipped Makhleb.
Makhleb was aware of your devotion.
You were not hungry.

You visited 1 branch of the dungeon, and saw 3 of its levels.

You collected 150 gold pieces.

Inventory:

Hand Weapons
 l - a +0 mace (weapon)
Missiles
 a - 108 stones (quivered)
Armour
 b - a +1 leather armour
 g - a +0 cloak (worn)
 h - a cursed +0 leather armour (worn)
 k - a cursed +0 shield (worn)
Jewellery
 j - an uncursed amulet of harm
Wands
 c - a wand of flame (0/48)
 d - a wand of enslavement (15/24)
 e - a wand of random effects (8/48)
Comestibles
 f - a bread ration
 i - 3 chunks of flesh


   Skills:
 - Level 1.1(0.2) Fighting
   Level 0.8(0.0) Short Blades
 + Level 1.7(0.8) Maces & Flails
 + Level 2.2(1.3) Dodging
 + Level 3.0(2.0) Stealth
 + Level 3.4(2.5) Evocations


You had 3 spell levels left.
You didn't know any spells.

Dungeon Overview and Level Annotations

Branches:
Dungeon (3/15)

Altars:
Ashenzari
Makhleb

Annotations:
D:3 tschems's ghost, novice HuFi


Innate Abilities, Weirdness & Mutations

You are resistant to torment.
Your stone body is resilient. (AC +3)
You are immune to poison.
You resist negative energy. (rN+)
You are resistant to electric shocks. (rElec)
You can survive without breathing.
You are immune to petrification.
You are immune to rotting.


Message History

Zapping:
e - a wand of random effects (10/48)
Press: ? - help, Shift-Dir - straight line, f/p - tschems's ghost
Aim: tschems's ghost Tschems's ghost seems to speed up.
This wand has 9 charges left.
Tschems's ghost hits you but does no damage.
Evoke which item? (* to show all) (? for menu, Esc to quit)
Zapping:
e - a wand of random effects (9/48)
Press: ? - help, Shift-Dir - straight line, f/p - tschems's ghost
Aim: tschems's ghost (fast) Tschems's ghost appears confused.
This wand has 8 charges left.
You block tschems's ghost's attack.
Evoke which item? (* to show all) (? for menu, Esc to quit)
Zapping:
e - a wand of random effects (8/48)
Press: ? - help, Shift-Dir - straight line, f/p - tschems's ghost
Aim: tschems's ghost (fast, confused)
The mass of ice explodes!
The iceblast engulfs tschems's ghost.
Tschems's ghost is moderately damaged.
The iceblast engulfs you!
Ouch! That really hurt!
You die...

### . ..# .
####.#######
#.###........... # #
#.#...##.########..#
#.#.>....#...........#
#...............####.
....<....######.#
##### ......W@## #.#
#.... #.$....## #.#
#.### .....#. #.# #.#
.%.. [. #.# #.# ###
### #.# #.# #.# #.#
#.# #.# #.# #.# #.#
#.#


You could see tschems's ghost (confused).

Vanquished Creatures
  6 adders
  An ooze (D:1)
  2 worms (D:2)
  A dart slug (D:1)
  4 leopard geckos
  A giant cockroach (D:2)
  3 goblins
  6 hobgoblins
  2 jackals (D:1)
  A quokka (D:2)
  5 bats
  2 frilled lizards (D:1)
  6 kobolds
  2 rats
42 creatures vanquished.

Notes
Turn   | Place    | Note
-------+----------+-------------------------------------------
     0 | D:1      | Rrauwl the Gargoyle Artificer began the quest for the Orb.
     0 | D:1      | Reached XP level 1. HP: 12/12 MP: 2/2
   168 | D:1      | Reached XP level 2. HP: 13/16 MP: 4/4
   672 | D:1      | Reached XP level 3. HP: 6/20 MP: 5/5
  1282 | D:2      | Found a faded altar of an unknown god.
  1511 | D:2      | Reached skill level 1 in Maces & Flails
  1532 | D:2      | Reached XP level 4. HP: 25/25 MP: 6/6
  1539 | D:2      | Became a worshipper of Makhleb the Destroyer
  1539 | D:2      | Reached * piety under Makhleb
  2255 | D:3      | Found a shattered altar of Ashenzari.
  2354 | D:3      | Noticed tschems's ghost (novice HuFi)
  2362 | D:3      | Killed themself with a badly aimed iceblast

Skill      XL: |  1  2  3  4 |
---------------+-------------+-----
Stealth        | 2 3 |  3.0
Evocations     | 3 |  3.4
Maces & Flails | 1 |  1.7
Dodging        | 2 |  2.2
Fighting       | |  1.1
Short Blades   | |  0.8

Action                   |  1- 3 |  4- 6 || total
-------------------------+-------+-------++-------
Melee: Club              |   124 |       ||   124
       Short sword       |     4 |       ||     4
       Mace              |       |    86 ||    86
Evoke: Wand              |     9 |    13 ||    22
  Use: Scroll            |     3 |     3 ||     6
       Potion            |       |     3 ||     3
 Stab: Sleeping          |     3 |     1 ||     4
  Eat: Chunk             |     2 |     1 ||     3
       Bread ration      |       |     1 ||     1
Armor: Leather armour    |    58 |    35 ||    93
Dodge: Dodged            |   100 |    28 ||   128
Block: Shield            |       |    51 ||    51
